 Dungeon Crawl Stone Soup version 0.32-a0-818-gb728d0252e (webtiles) character file.

Game seed: 3467427110660923421

6363 Griffin23 the Carver (level 10, -6/89 (91) HPs)
             Began as a Minotaur Fighter on Mar 23, 2024.
             Was a Priest of the Shining One.
             Mangled by a catoblepas (13 damage)
             ... while petrified by a catoblepas
             ... on level 8 of the Dungeon.
             The game lasted 00:15:16 (10573 turns).

Griffin23 the Carver (Minotaur Fighter)            Turns: 10573, Time: 00:15:16

HP:   -6/89 (91)    AC: 15    Str: 25    XL:     10   Next: 65%
MP:   0/9           EV:  2    Int:  5    God:    the Shining One [***...]
Gold: 615           SH:  0    Dex: 10    Spells: 9/9 levels left

rFire   + . .        H - +5 long sword
rCold   + . .        F - +0 kite shield
rNeg    + + +        f - +0 plate armour
rPois   ∞            (helmet restricted)
rElec   .            (no cloak)
rCorr   .            N - +0 pair of gloves
SInv    .            (no boots)
Will    .....        s - amulet of guardian spirit Stlth
                     t - ring of protection from cold
HPRegen 0.34/turn    A - ring of protection from fire
MPRegen 0.11/turn

%: guardian spirit
@: petrified, glowing, lightly drained
A: horns 2, retaliatory headbutt
a: Renounce Religion, Divine Shield, Cleansing Flame


You were on level 8 of the Dungeon.
You worshipped the Shining One.
The Shining One was most pleased with you.
You visited 1 branch of the dungeon, and saw 8 of its levels.

You collected 615 gold pieces.

Inventory:

Hand Weapons
 a - a +0 long sword
 B - a +0 great sword
 H - a +5 long sword (weapon)
 I - the +9 rapier "Ihengoog" {heavy, ^Contam rElec rPois rF++}
   (You found it on level 7 of the Dungeon)

   rF++:      It greatly protects you from fire.
   rElec:     It insulates you from electricity.
   rPois:     It protects you from poison.
   ^Contam:   It causes magical contamination when unequipped.
Missiles
 o - 15 boomerangs (quivered)
Armour
 b - a +0 scale mail
 c - a +0 buckler
 f - a +0 plate armour (worn)
 y - a +0 chain mail
 F - a +0 kite shield (worn)
 N - a +0 pair of gloves (worn)
Jewellery
 s - an amulet of guardian spirit (around neck)
 t - a ring of protection from cold (left hand)
 u - an amulet of reflection
 A - a ring of protection from fire (right hand)
 J - a ring of positive energy
Wands
 l - a wand of flame (9)
 n - a wand of charming (4)
 L - a wand of light (15)
Scrolls
 e - 2 scrolls of revelation
 g - a scroll of amnesia
 h - 2 scrolls of noise
 i - a scroll of summoning {unknown}
 k - 3 scrolls of fog
 m - 5 scrolls of fear
 p - 4 scrolls of vulnerability
 q - 2 scrolls of enchant weapon
 E - a scroll of poison
 K - a scroll of identify
Potions
 d - 3 potions of might
 j - a potion of berserk rage
 r - a potion of curing
 v - a potion of invisibility {unknown}
 w - a potion of ambrosia {unknown}
 x - 2 potions of degeneration {unknown}
 z - a potion of enlightenment {unknown}
 C - a potion of lignification {unknown}
 D - a potion of haste {unknown}
 G - a potion of magic {unknown}
 M - a potion of attraction {unknown}


   Skills:
 + Level 9.6 Fighting
 * Level 12.4 Long Blades
 + Level 9.4 Armour
 + Level 9.4 Shields


You had 9 spell levels left.
You didn't know any spells.
Your spell library contained the following spells:

 Spells                   Type           Power      Damage    Failure   Level
 Apportation              Tloc           0%         N/A       100%        1
 Necrotise                Necr           0%         1d4       100%        1
 Sting                    Conj/Alch      0%         1d3       100%        1
 Summon Small Mammal      Summ           0%         N/A       100%        1
 Lesser Beckoning         Tloc           0%         N/A       100%        2
 Mercury Vapours          Alch/Air       0%         N/A       100%        2
 Gell's Gravitas          Tloc           0%         N/A       100%        3
 Mephitic Cloud           Conj/Alch/Air  0%         N/A       100%        3
 Teleport Other           Tloc           0%         N/A       100%        3
 Freezing Cloud           Conj/Ice/Air   0%         6-21      100%        5


Dungeon Overview and Level Annotations

Branches:
Dungeon (8/15)             Temple (0/1) D:6
   Lair: D:8-11

Altars:
Cheibriados
Dithmenos
Gozag
Qazlal
Ru
Sif Muna
Zin
The Shining One
Beogh

Shops:
D:4 (

Annotations:
D:5 1 runed translucent door, hecktor's ghost, novice OpHu
D:7 3 runed translucent doors, zenocrate's ghost, novice OpEE


Innate Abilities, Weirdness & Mutations

You have a pair of horns on your head.
You reflexively headbutt those who attack you in melee.


Message History

The catoblepas completely misses you. The catoblepas gores you!!
The catoblepas gores you but does no damage.
The catoblepas breathes a plume of calcifying dust at you.
The blast of calcifying dust hits you but does no damage.
You are engulfed in calcifying dust.
The catoblepas gores you!!
You are engulfed in calcifying dust.
The catoblepas gores you.
You turn to flesh and can move again.
You slash the catoblepas!
The catoblepas is heavily wounded.
You are engulfed in calcifying dust.
You are slowing down.
The catoblepas gores you!!
You are too injured to fight recklessly!
Unknown command.
You are too injured to fight recklessly!
You are too injured to fight recklessly!
You hit the catoblepas.
The catoblepas is heavily wounded.
You are engulfed in calcifying dust.
The catoblepas gores you!!
Your limbs are stiffening.
You hit the catoblepas.
The catoblepas is heavily wounded.
You are engulfed in calcifying dust.
Your limbs have turned to stone.
The catoblepas gores you!
* * * LOW HITPOINT WARNING * * *
The catoblepas gores you but does no damage.
You have turned to stone.
You are engulfed in calcifying dust.
The catoblepas gores you!!
* * * LOW HITPOINT WARNING * * *
The catoblepas gores you!!
* * * LOW HITPOINT WARNING * * *
The catoblepas gores you.
* * * LOW HITPOINT WARNING * * *
The catoblepas gores you! The Shining One protects you from harm!
The catoblepas breathes a plume of calcifying dust at you.
The blast of calcifying dust hits you but does no damage.
You are engulfed in calcifying dust.
The catoblepas gores you!!
You die...

..♣~~~~♣..♣# #.#
P...~♣~~~~P.P######.#
#.♣..~~♣~♣...)))....##
###..♣...~....)♣#).>....
......P..P..P#.##.#####.
.........#.#.#.##.#...#.
.........#...#.##.#.#.#.
.......#§###.#.##.#.#.#(
.......@..##.#.##.#.#.#.
......Y#).##<#......#.#.
...)...#..)#.####...#.#.
####..###.)#.######.#...
#... #...).......####
#..# ##..######### ...
#...# #..# ##..# #...


You could see a catoblepas.

Vanquished Creatures
  A tengu warrior (D:8)
  Joseph (D:7)
  A hornet (D:7)
  A wraith (D:7)
  3 water moccasins (D:7)
  2 orc warriors
  An ice beast (D:6)
  4 black bears
  A sky beast (D:6)
  3 ogres
  A centaur (D:8)
  8 phantoms
  A kobold brigand (D:7)
  3 bullfrogs
  A gnoll sergeant (D:7)
  8 scorpions
  11 wights
  5 killer bees (D:6)
  2 howler monkeys
  3 centaur zombies (D:7)
  2 hounds
  2 orc priests (D:6)
  2 bombardier beetles
  9 sleepcaps
  A gnoll bouda (D:5)
  Jessica (D:3)
  3 iguanas
  A scorpion zombie (D:7)
  13 orc wizards
  4 killer bee zombies (D:7)
  Robin (D:4)
  11 gnolls
  4 adders
  12 shadow imps
  2 ufetubi (D:7)
  2 dart slugs (D:1)
  35 orcs
  7 endoplasms
  3 giant cockroaches
  25 goblins
  7 hobgoblins
  4 jackals (D:4)
  8 quokkas
  6 ball pythons
  3 bats
  12 kobolds
  2 rats
243 creatures vanquished.

Notes
Turn   | Place    | Note
-------+----------+-------------------------------------------
     0 | D:1      | Griffin23 the Minotaur Fighter began the quest for the Orb.
     0 | D:1      | Reached XP level 1. HP: 19/19 MP: 0/0
    71 | D:1      | Reached XP level 2. HP: 27/27 MP: 1/1
   259 | D:1      | Reached skill level 3 in Long Blades
   376 | D:1      | Reached XP level 3. HP: 33/33 MP: 2/2
   939 | D:2      | Reached XP level 4. HP: 16/40 MP: 3/3
  1925 | D:3      | Reached skill level 4 in Long Blades
  2090 | D:3      | You fall into a shaft and drop 2 floors!
  2090 | D:5      | Entered Level 5 of the Dungeon
  2108 | D:5      | Reached XP level 5. HP: 47/47 MP: 4/4
  2127 | D:5      | Noticed an ogre
  2132 | D:5      | Killed an ogre
  2133 | D:5      | Reached skill level 5 in Long Blades
  2139 | D:5      | Reached skill level 5 in Armour
  2139 | D:5      | Reached XP level 6. HP: 39/55 MP: 5/5
  2204 | D:5      | Reached skill level 5 in Fighting
  2204 | D:5      | Reached skill level 5 in Shields
  2254 | D:5      | Found a glowing golden altar of the Shining One.
  2507 | D:5      | Found a runed translucent door.
  2510 | D:5      | Noticed hecktor's ghost (novice OpHu)
  2700 | D:5      | Reached skill level 6 in Long Blades
  2700 | D:5      | Reached XP level 7. HP: 21/61 MP: 6/6
  3593 | D:5      | Found a shimmering blue altar of Sif Muna.
  3726 | D:4      | Found a shadowy altar of Dithmenos.
  3912 | D:3      | Noticed Jessica
  3918 | D:3      | Killed Jessica
  4034 | D:3      | Found a faded altar of an unknown god.
  4394 | D:4      | Reached skill level 7 in Long Blades
  4540 | D:4      | Found a snail-covered altar of Cheibriados.
  4660 | D:4      | Reached XP level 8. HP: 46/70 MP: 5/7
  5086 | D:4      | Noticed Robin
  5134 | D:4      | Killed Robin
  5299 | D:4      | Found Johaost's Antique Weapon Boutique.
  5706 | D:6      | Found a runed translucent door.
  5755 | D:6      | Found a stormy altar of Qazlal.
  5766 | D:6      | Reached skill level 8 in Long Blades
  6312 | D:5      | Became a worshipper of the Shining One
  6654 | D:6      | Reached skill level 9 in Long Blades
  6662 | D:6      | HP: 5/109 [poisoned by a killer bee]
  6664 | D:6      | HP: 2/73 [poisoned by a killer bee]
  7180 | D:6      | Found a staircase to the Ecumenical Temple.
  7343 | D:6      | Reached XP level 9. HP: 66/79 MP: 5/8
  7887 | D:6      | Found a roughly hewn altar of Beogh.
  8703 | D:7      | Found a glowing silver altar of Zin.
  8727 | D:7      | Reached skill level 10 in Long Blades
  8830 | D:7      | Reached * piety under the Shining One
  9019 | D:7      | Noticed Joseph
  9025 | D:7      | Reached ** piety under the Shining One
  9039 | D:7      | Killed Joseph
  9040 | D:7      | Reached skill level 11 in Long Blades
  9129 | D:7      | Reached XP level 10. HP: 88/90 MP: 9/9
  9241 | D:7      | Reached *** piety under the Shining One
  9314 | D:7      | Identified the +9 rapier "Ihengoog" {heavy, ^Contam rElec
                  | rPois rF++}
  9522 | D:7      | Noticed zenocrate's ghost (novice OpEE)
  9655 | D:7      | Found an opulent altar of Gozag.
  9692 | D:7      | Found a runed translucent gate.
  9693 | D:7      | Found a runed translucent gate.
  9694 | D:7      | Found a runed translucent gate.
  9733 | D:7      | Found a sacrificial altar of Ru.
  9939 | D:7      | Reached skill level 12 in Long Blades
 10227 | D:7      | Found a roughly hewn altar of Beogh.
 10364 | D:8      | Noticed a tengu warrior
 10373 | D:8      | Killed a tengu warrior
 10551 | D:8      | Noticed a catoblepas
 10571 | D:8      | The Shining One protects you from harm!
 10573 | D:8      | Mangled by a catoblepas

Illustrated notes

Levels and vault maps discovered:
D:1:      minmay_arrival_glassed_features, layout_basic, minmay_small_reverse_x
D:2:      layout_basic, chequers_decorated_corner, minmay_hedge_maze,
          kennysheep_generic_room_7
D:3:      layout_basic, chequers_ecumenical_altar_island,
          chequers_serial_rivers_room_a, kennysheep_jessica_study
D:4:      layout_basic, mainiacjoe_overflow_concentric_impassable,
          mainiacjoe_overflow_paths, serial_shops, nicolae_square_shop,
          uniq_robin
D:5:      layout_loops_ring, nicolae_overflow_hidden_temple,
          lemuel_blue_sif_altar, hellmonk_ghost_happy_afterlife,
          corexii_hall_statues_x
D:6:      layout_basic, lemuel_round_altar, minmay_temple_entry_statues_pillars,
          lightli_church_of_beogh
D:7:      bobbens_index_wilting_gardens, layout_basic, lemuel_tele_altar,
          grunt_gozag_breadcrumbs, general_overflow_altar,
          biasface_ghost_orc_armoury, chequers_garden, uniq_joseph
D:8:      minmay_diamond_stairs, layout_basic, cheibrodos_ashenzari_chains,
          fedhas_ov_isle_minmay, serial_bayou_pond_a, kennysheep_generic_room_8

Skill      XL: |  1  2  3  4  5  6  7  8  9 10 |
---------------+-------------------------------+-----
Fighting       | 4 5 6 7 8 9 |  9.6
Long Blades    | 3 4 5 6 7 9 11 12 | 12.4
Armour         | 4 5 6 7 8 9 |  9.4
Shields        | 4 5 6 7 8 9 |  9.4

Action                     |  1- 3 |  4- 6 |  7- 9 | 10-12 || total
---------------------------+-------+-------+-------+-------++-------
  Melee: Long sword        |    81 |   130 |   456 |   151 ||   818
         Headbutt          |    15 |    18 |   102 |    39 ||   174
    Use: Potion            |       |       |     2 |       ||     2
         Scroll            |       |       |     9 |       ||     9
 Armour: Scale mail        |    72 |    79 |   114 |       ||   265
         Chain mail        |       |       |   173 |       ||   173
         Skin              |       |       |     1 |       ||     1
         Plate armour      |       |       |   128 |   126 ||   254
  Dodge: Dodged            |    31 |    62 |   131 |    20 ||   244
  Block: Buckler           |    15 |    23 |    92 |       ||   130
         Kite shield       |       |       |    64 |    77 ||   141

Table legend: (Time is in decaauts)
 A = Elapsed time spent in this place.
 B = Non-inter-level travel time spent in this place.
 C = Inter-level travel time spent in this place.
 D = Time resting spent in this place.
 E = Time spent auto-exploring this place.
 F = Levels seen in this place.
 G = Mean time per level.
                   A        B        C        D        E       F      G
               +--------+--------+--------+--------+--------+-----+--------+
         Total |  10636 |  10294 |    342 |   1375 |   6756 |   8 | 1329.5 |
       Dungeon |  10636 |  10294 |    342 |   1375 |   6756 |   8 | 1329.5 |
               +--------+--------+--------+--------+--------+-----+--------+

Top non-repeatable levels by time:
     D:6: 2541 daAuts
     D:7: 2020 daAuts
     D:5: 1737 daAuts
     D:4: 1274 daAuts
     D:2: 1143 daAuts
     D:3: 861 daAuts
     D:1: 776 daAuts
     D:8: 281 daAuts
